 Dungeon Crawl Stone Soup version 0.28.0 (webtiles) character file.

Game seed: 1382476489191686850

203 danielguo94 the Cudgeller (level 5, -1/33 HPs)
             Began as a Gargoyle Fighter on Feb 5, 2022.
             Was an Initiate of the Shining One.
             Slain by an iguana (9 damage)
             ... on level 3 of the Dungeon.
             The game lasted 00:03:07 (2480 turns).

danielguo94 the Cudgeller (Gargoyle Fighter)        Turns: 2480, Time: 00:03:08

Health: -1/33      AC: 11    Str: 21    XL:     5   Next: 81%
Magic:  5/5        EV:  9    Int:  9    God:    the Shining One [......]
Gold:   117        SH:  4    Dex:  9    Spells: 4/4 levels left

rFire   . . .      SeeInvis .   a - +0 flail
rCold   . . .      Faith    .   c - +0 buckler
rNeg    + . .      Spirit   .   b - +0 scale mail
rPois   ∞          Reflect  .   (no helmet)
rElec   +          Harm     .   (no cloak)
rCorr   .          Rampage  .   (no gloves)
Will    .....                   (no boots)
Stlth   ..........              (no amulet)
HPRegen 0.11/turn               (no ring)
MPRegen 0.09/turn               (no ring)

@: glowing
A: sickness immunity, AC +4, negative energy resistance 1, electricity
resistance, torment resistance 1, petrification resistance
a: Renounce Religion


You were on level 3 of the Dungeon.
You worshipped the Shining One.
The Shining One was noncommittal.
You visited 2 branches of the dungeon, and saw 7 of its levels.

You collected 117 gold pieces.

Inventory:

Hand Weapons
 a - a +0 flail (weapon)
Missiles
 e - 69 stones (quivered)
Armour
 b - a +0 scale mail (worn)
 c - a +0 buckler (worn)
Jewellery
 o - a ring of ice
Scrolls
 g - a scroll of blinking {unknown}
 h - a scroll of brand weapon {unknown}
 i - a scroll of vulnerability {unknown}
 j - a scroll of immolation {unknown}
 k - a scroll of teleportation {unknown}
 l - a scroll of holy word {unknown}
 n - 2 scrolls of amnesia {unknown}
 p - 3 scrolls of identify {unknown}
Potions
 d - 2 potions of might
 f - a potion of flight {unknown}
 m - a potion of brilliance {unknown}
 q - a potion of berserk rage {unknown}


   Skills:
 + Level 3.9 Fighting
 * Level 4.5 Maces & Flails
 + Level 4.1 Armour
 + Level 0.3 Dodging
 + Level 3.8 Shields


You had 4 spell levels left.
You didn't know any spells.
Your spell library was empty.

Dungeon Overview and Level Annotations

Branches:
Dungeon (6/15)             Temple (1/1) D:4

Altars:
Ashenzari
Cheibriados
Elyvilon
Nemelex Xobeh
Wu Jian
Xom
The Shining One


Innate Abilities, Weirdness & Mutations

You are immune to sickness and miasma.
Your stone body is resilient. (AC +4)
You are immune to poison.
You resist negative energy. (rN+)
You are resistant to electric shocks. (rElec)
You are resistant to unholy torment.
You are immune to petrification.


Message History

An iguana is nearby!
An iguana is nearby!
An iguana is nearby!
The iguana bites you.
You barely miss the iguana.
The iguana bites you but does no damage.
You closely miss the iguana.
The iguana bites you but does no damage.
You hit the iguana but do no damage. The iguana barely misses you.
You hit the iguana.
The iguana is lightly wounded.
The iguana bites you.
You hit the iguana.
The iguana is moderately wounded.
The iguana bites you! The iguana barely misses you.
You closely miss the iguana.
The iguana is moderately wounded.
The iguana barely misses you.
You hit the iguana but do no damage.
The iguana is moderately wounded.
You block the iguana's attack.
You barely miss the iguana.
The iguana is moderately wounded.
The iguana bites you but does no damage.
You sock the iguana!
The iguana is almost dead.
The iguana bites you!
You closely miss the iguana.
The iguana is almost dead.
The iguana bites you. You block the iguana's attack.
You are too injured to fight recklessly!
You are too injured to fight recklessly!
You barely miss the iguana.
The iguana is almost dead.
The iguana bites you.
* * * LOW HITPOINT WARNING * * *
You closely miss the iguana.
The iguana is almost dead.
The iguana bites you!
You die...

##... # #.... .# #..## ##+##
#.#### #.#.# ##...## ... ..#
#.##. ##.....## #.# #.# #.###
#.....†.## #..# #.# #.##.
#.........####...#.##.####.#..
+.........'..@................
#.........####l..####.####.#..
##.......## #..# #.#.......
##.....## #.# #.#.#...#.
##...## ... ..#....... ##+#
######.#...#. #.##.##.
#.##.##. #.......


You could see an iguana.

Vanquished Creatures
  A necrophage (D:4)
  A hound skeleton (D:4)
  4 gnolls
  2 adders (D:2)
  2 worms
  4 ball pythons
  5 bats
  6 endoplasms
  A giant cockroach (D:2)
  4 goblins
  2 hobgoblins
  7 kobolds
  4 frilled lizards
  4 rats
47 creatures vanquished.

Notes
Turn   | Place    | Note
-------+----------+-------------------------------------------
     0 | D:1      | danielguo94 the Gargoyle Fighter began the quest for the
                  | Orb.
     0 | D:1      | Reached XP level 1. HP: 14/14 MP: 1/1
   103 | D:1      | Found a faded altar of an unknown god.
   181 | D:1      | Reached XP level 2. HP: 16/19 MP: 2/2
   672 | D:2      | Reached XP level 3. HP: 21/23 MP: 3/3
  1472 | D:3      | You fall into a shaft and drop 3 floors!
  1497 | D:5      | Entered Level 5 of the Dungeon
  1539 | D:4      | Reached XP level 4. HP: 26/29 MP: 4/4
  1589 | D:4      | Found a staircase to the Ecumenical Temple.
  1598 | Temple   | Entered the Ecumenical Temple
  1760 | Temple   | Became a worshipper of the Shining One
  1864 | D:4      | Noticed a necrophage
  1874 | D:4      | Killed a necrophage
  1875 | D:4      | Reached XP level 5. HP: 26/33 MP: 5/5
  1938 | D:3      | Found a broken altar of Ashenzari.
  2480 | D:3      | Slain by an iguana

Illustrated notes

Levels and vault maps discovered:
D:1:      scummos_arrival_simple_crosswalls, layout_loops_ring,
          dreamdust_ecumenical_altar_grove
D:2:      layout_loops_ring, nicolae_concentric_dashed_squares_wild,
          minivault_27
D:3:      layout_loops_corners, nicolae_overflow_hidden_temple
D:4:      minmay_clustersquares, layout_basic,
          minmay_temple_entry_drinking_statues
D:5:      layout_rooms, minmay_increasing_density, uniq_crazy_yiuf_cottage
D:6:      layout_loops_corners, uniq_edmund, uniq_blork_the_orc
Temple:   mainiacjoe_temple_big_plus

Skill      XL: |  1  2  3  4 |
---------------+-------------+-----
Maces & Flails | 3 4 |  4.5
Armour         | 4 |  4.1
Fighting       | |  3.9
Dodging        | |  0.3
Shields        | |  3.8

Action                   |  1- 3 |  4- 6 || total
-------------------------+-------+-------++-------
Melee: Flail             |   103 |    66 ||   169
Armor: Scale mail        |    54 |    23 ||    77
Dodge: Dodged            |    37 |    28 ||    65
Block: Buckler           |    19 |    11 ||    30
